 Dungeon Crawl Stone Soup version 0.20-a0-222-gb69ddcd (webtiles) character file.

90925 KristoblXynda the Nimble (level 15, -3/175 HPs)
             Began as a Red Draconian Gladiator on Nov 29, 2016.
             Was the Champion of Yredelemnul.
             Killed from afar by a starcursed mass (13 damage)
             ... with an accursed screaming
             ... on level 1 of the Abyss.
             The game lasted 01:46:14 (27094 turns).

KristoblXynda the Nimble (Red Draconian Gladiator) Turns: 27094, Time: 01:46:15

Health: -3/175     AC: 27    Str: 22      XL:     15   Next: 53%
Magic:  22/22      EV:  2    Int: 18 (20) God:    Yredelemnul [******]
Gold:   601        SH: 15    Dex: 11      Spells: 15/20 levels left

rFire  . . .     SeeInvis +     G - +7 war axe (elec)
rCold  . . .     Gourm    .     (armour unavailable)
rNeg   + + +     Faith    .     d - +0 shield (curse)
rPois  +         Spirit   .     (helmet currently unavailable)
rElec  .         Reflect  +     (cloak currently unavailable)
rCorr  .         Harm     .     (gloves currently unavailable)
MR     +....     NoTele   +     (boots currently unavailable)
Stlth  +++.......               u - +6 amulet of reflection
                                h - +5 ring of intelligence
                                l - ring of see invisible

@: tree-form, non-regenerating, diseased, slowed, repel missiles, very slow
A: (breathe fire), unfitting armour, (antennae 0), clever 1, deterioration 1,
(fire resistance 0), screaming 1, strong 1, (cold-blooded), subdued magic 1,
MP-powered wands, AC +9
a: Recall Undead Slaves, Injury Mirror, Animate Dead, Drain Life, Enslave Soul,
Renounce Religion


You were on level 1 of the Abyss.
You worshipped Yredelemnul.
Yredelemnul was exalted by your worship.
You were not hungry.
You were a tree.
You visited 5 branches of the dungeon, and saw 24 of its levels.
You visited the Abyss 1 time.

You collected 1975 gold pieces.
You spent 1374 gold pieces at shops.

Inventory:

Hand Weapons
 y - a +2 broad axe of electrocution
 G - a +7 war axe of electrocution (weapon)
Missiles
 c - 2 throwing nets
 C - 4 javelins (quivered)
Armour
 d - a cursed +0 shield (worn)
 i - a +1 cloak (melded)
 q - a +1 pair of boots (melded)
 v - a +1 hat (melded)
 A - a +2 pair of gloves (melded)
Jewellery
 f - an uncursed ring of wizardry
 h - a +5 ring of intelligence (right branch)
 l - a ring of see invisible (left branch)
 u - a +6 amulet of reflection (around neck)
 H - a +2 ring of strength {unknown}
 I - a cursed ring of teleportation {unknown}
Wands
 e - a wand of paralysis (8/24)
 j - a wand of disintegration (9/24)
 k - a wand of random effects (15/48)
 s - a wand of lightning (12/15)
 t - a wand of iceblast (9/15)
 B - a wand of iceblast (8/15)
Scrolls
 o - a scroll of enchant armour
 p - 2 scrolls of remove curse
Potions
 w - a potion of cancellation
 x - 2 potions of invisibility
 D - a potion of agility
 F - 2 potions of berserk rage
Books
 n - a book of Alchemy

   Spells                             Type                      Level
   a - Sublimation of Blood           Necromancy                   2
   b - Ignite Poison                  Fire/Transmutation/Poison    3
   c - Petrify                        Transmutation/Earth          4
   d - Alistair's Intoxication        Transmutation/Poison         5
   e - Irradiate                      Conjuration/Transmutation    5
Miscellaneous
 z - a fan of gales
Comestibles
 a - a chunk of flesh
 b - 5 meat rations
 E - a bread ration


   Skills:
 - Level 6.6 Fighting
 + Level 13.7 Axes
 - Level 3.2 Throwing
 + Level 14.8 Dodging
 - Level 5.7 Stealth
 + Level 3.1 Shields
 - Level 3.3 Spellcasting
 - Level 4.0 Charms
 - Level 4.6 Necromancy
 - Level 4.0 Air Magic
 - Level 10.1 Invocations
 - Level 10.2 Evocations


You had 15 spell levels left.
You knew the following spells:

 Your Spells              Type           Power        Failure   Level  Hunger
a - Repel Missiles        Chrm/Air       ##....       21%         2    ##.....
b - Regeneration          Chrm/Necr      ##........   34%         3    ###....


Dungeon Overview and Level Annotations

Branches:
Dungeon (15/15)            Temple (1/1) D:4            Lair (6/6) D:8
  Swamp (0/4) Lair:4        Snake (0/4) Lair:2        Slime (0/5) Lair:5
    Orc (2/2) D:11         Depths (1/5) D:15
    Elf: Orc:2       Vaults: D:13-14

Altars:
Ashenzari
Cheibriados
Dithmenos
Elyvilon
Fedhas
Gozag
Hepliaklqana
Kikubaaqudgha
Makhleb
Nemelex Xobeh
Okawaru
Qazlal
Ru
Sif Muna
Trog
Uskayaw
Vehumet
Xom
Yredelemnul
Zin
The Shining One
Beogh

Shops:
D:7 ?   D:8 (   D:10 (   Orc:2 %**(

Portals:
Abyss: Depths:1

Annotations:
D:3 namelastname112's ghost, amateur DrAs


Innate Abilities, Weirdness & Mutations

((You can breathe blasts of fire.))
((Your fiery red scales are hard. (AC +9)))
You cannot fit into any form of body armour.
((Your flesh is very heat resistant. (rF++)))
((You are cold-blooded and may be slowed by cold attacks.))
((You have a pair of small antennae on your head.))
Your mind is acute. (Int +2)
Your body sometimes deteriorates upon taking damage.
You occasionally shout uncontrollably at your foes.
Your muscles are strong. (Str +2)
Your spells are a little easier to cast, but a little less powerful.
You expend magic power (3 MP) to strengthen your wands.


Message History

You're too confused!
Unknown command.
There are monsters nearby!
Unknown command.
You cannot move. (Use ctrl+direction to attack without moving.) Unknown command.
You cannot move. (Use ctrl+direction to attack without moving.) Unknown command.
You cannot move. (Use ctrl+direction to attack without moving.) Unknown command.
There are monsters nearby!
Unknown command.
You cannot move. (Use ctrl+direction to attack without moving.) Unknown command.
You feel less invigorated.
You feel less confused.
You block the freezing wraith's attack. x2
A deafening chorus of shrieks assaults your mind!
You die...
Your body rises from the dead as a mindless zombie.

.#. .# ... .#
#.. .. #..###.
...#.....
[.....X##.
#.....#XX♣####
.......XX#Wx.#
.....###..###
#... # .#..#
## ####....#
#..#..# .
#W#.... ....
.§.##...# #.
..###...#


You could see 5 starcursed masses, an ancient zyme and a freezing wraith.

Vanquished Creatures
  Rupert (Lair:5)
  Gastronok (D:8)
  3 orc warlords
  A fire dragon (Lair:6)
  An ogre mage (D:13)
  Fannar (Lair:1)
  A rakshasa (Depths:1)
  6 hydras
  2 centaur warriors (D:15)
  A vampire mage (D:15)
  6 death yaks (Lair:6)
  A thrashing horror (Abyss:1)
  2 orc high priests (Orc:2)
  Sonja (Lair:3)
  A flayed ghost (D:10)
  2 skeletal warriors
  3 hill giants
  A glowing orange brain (Abyss:1)
  A deep elf mage (D:12)
  A mana viper (Abyss:1)
  4 orc knights
  5 ugly things
  A cyclops (Orc:1)
  3 orc sorcerers
  5 black mambas
  5 elephants
  3 spiny frogs
  A yaktaur (D:13)
  2 kobold demonologists (D:15)
  6 rime drakes (Lair:6)
  A death yak zombie (Lair:6)
  6 komodo dragons
  3 two-headed ogres
  6 trolls
  Grinder (D:4)
  A hornet (D:15)
  A raiju (Abyss:1)
  4 hippogriffs
  13 blink frogs
  A spriggan (D:7)
  2 wyverns (Lair:6)
  2 shadows
  2 vampires
  3 wraiths (D:10)
  2 water elementals (D:15)
  4 basilisks
  A fire bat (D:10)
  A small abomination (Abyss:1)
  35 yaks
  A hungry ghost (D:9)
  4 steam dragons (Lair:6)
  3 vampire mosquitoes (D:15)
  A large abomination (Abyss:1)
  3 wargs (Orc:2)
  6 water moccasins
  5 porcupines
  4 sky beasts
  38 orc warriors
  4 ice beasts
  3 black bears
  9 ogres
  3 phantoms
  2 necrophages
  8 wolves
  11 centaurs
  14 crocodiles
  A big kobold (D:8)
  14 bullfrogs
  A cyclops zombie (Orc:1)
  3 scorpions
  2 jellies
  4 killer bees (D:8)
  4 wights (D:11)
  2 howler monkeys (D:12)
  4 electric eels
  3 bullfrog zombies
  A centaur zombie (D:15)
  7 crimson imps
  A quasit (Abyss:1)
  An iron imp (Abyss:1)
  21 orc wizards
  26 orc priests
  Crazy Yiuf (D:4)
  3 centaur skeletons
  3 hounds
  Jessica (D:3)
  2 iguanas
  Terence (D:3)
  13 worker ants
  A hound skeleton (D:5)
  Robin (D:2)
  12 adders
  5 gnolls
  An orc skeleton (Orc:1)
  A shadow imp (D:8)
  4 oozes
  2 adder skeletons
  4 worms
  5 dart slugs
  2 leopard geckos
  80 orcs
  17 bats
  5 giant cockroaches
  17 goblins
  10 hobgoblins
  2 jackals (D:5)
  4 quokkas
  A ball python (D:4)
  11 frilled lizards
  A jackal skeleton (D:4)
  12 kobolds
  A leopard gecko skeleton (D:5)
  6 orc zombies
  A quokka skeleton (D:7)
  9 rats
  A fungus (Lair:6)
  3 plants
618 creatures vanquished.

Vanquished Creatures (collateral kills)
  A fire giant (Depths:1)
  A stone giant (Orc:2)
  A vampire knight (Depths:1)
  A dire elephant (Lair:6)
  An ettin (Depths:1)
  4 hydras
  A catoblepas (Lair:6)
  A centaur warrior (Depths:1)
  5 death yaks
  A deep troll shaman (Lair:6)
  A tengu warrior (D:15)
  A deep troll earth mage (Depths:1)
  2 orc high priests (Orc:2)
  Nergalle (D:12)
  Urug (Lair:3)
  A flayed ghost (Depths:1)
  6 skeletal warriors
  A spark wasp zombie (D:15)
  A necromancer (D:15)
  An orc knight (D:13)
  7 ugly things
  A cyclops (Orc:2)
  A spriggan zombie (D:15)
  A centaur zombie (D:15)
  A naga mage (Lair:2)
  2 elephants
  3 black mambas
  6 centaur skeletons
  3 spiny frogs
  7 komodo dragons
  3 yaktaurs (D:13)
  5 rime drakes (Lair:6)
  A guardian mummy (D:15)
  A polar bear (Lair:2)
  2 two-headed ogres
  9 blink frogs
  An ettin zombie (D:15)
  4 hippogriffs
  A shadow (D:10)
  A deep troll skeleton (D:15)
  A wraith (D:15)
  A wyvern (Lair:4)
  12 yaks
  A steam dragon (Lair:6)
  A basilisk (Lair:3)
  2 wargs
  A soldier ant (D:12)
  A porcupine (Lair:4)
  3 water moccasins
  16 orc warriors
  A black bear (Lair:1)
  An eye of draining (D:12)
  An ice beast (D:12)
  3 ogres
  4 centaurs
  6 crocodiles
  19 wolves
  A big kobold (D:8)
  5 bullfrogs
  2 wyvern skeletons (D:13)
  A scorpion (D:8)
  An electric eel (D:11)
  A howler monkey (D:12)
  A quasit (D:12)
  A jelly (D:7)
  9 orc priests
  7 orc wizards
  A worker ant (D:12)
  A gnoll (Orc:2)
  A shadow imp (D:12)
  3 oozes (Lair:5)
  33 orcs
  A giant cockroach (D:7)
  3 kobolds
  A bat (D:10)
  2 bushes
  16 fungi
  8 plants
  A withered plant (D:15)
267 creatures vanquished.

Vanquished Creatures (others)
  A skeletal warrior (Orc:2)
  A phantasmal warrior (Lair:6)
  A fire giant zombie (Depths:1)
  3 death yak zombies (Lair:6)
  A hydra zombie (Lair:6)
  12 flying skulls
  A yak (Lair:5)
  A vampire (Orc:2)
  A wraith (Orc:1)
  3 spiny frog zombies
  A merfolk skeleton (Lair:6)
  2 centaurs (D:15)
  2 vampire mosquito zombies (D:15)
  5 rime drake zombies (Lair:6)
  A hippogriff zombie (Lair:5)
  4 komodo dragon zombies
  A yaktaur zombie (D:13)
  3 elf skeletons (Lair:6)
  A water moccasin zombie (Lair:4)
  2 warg zombies (Orc:2)
  7 yak zombies
  A wight (Lair:2)
  2 yak skeletons (Lair:5)
  6 wolf zombies
  2 bullfrog zombies
  3 centaur zombies
  A two-headed ogre zombie (Orc:2)
  A bullfrog skeleton (D:15)
  A two-headed ogre skeleton (Orc:2)
  2 human skeletons (Lair:6)
  An orc wizard (Orc:1)
  2 ogre zombies (Orc:2)
  2 crocodile zombies
  A crocodile skeleton (Lair:6)
  2 dwarf skeletons (Lair:6)
  A mummy (D:10)
  A steam dragon zombie (Lair:6)
  An adder zombie (D:11)
  A bat skeleton (D:10)
  3 bat zombies (D:10)
  A gnoll zombie (Orc:2)
  A kobold (D:8)
  2 kobold zombies (D:15)
  2 orc skeletons
  32 orc zombies
  A bush (Lair:6)
  15 fungi
  21 plants
163 creatures vanquished.

Grand Total: 1048 creatures vanquished

Notes
Turn   | Place    | Note
-------+----------+-------------------------------------------
     0 | D:1      | KristoblXynda the Draconian Gladiator began the quest for the Orb.
     0 | D:1      | Reached XP level 1. HP: 17/17 MP: 1/1
    33 | D:1      | Reached XP level 2. HP: 22/24 MP: 2/2
    56 | D:1      | Reached skill level 3 in Dodging
   393 | D:1      | Reached XP level 3. HP: 29/29 MP: 3/3
  1207 | D:2      | Found a shadowy altar of Dithmenos.
  1213 | D:2      | Reached XP level 4. HP: 36/36 MP: 4/4
  1258 | D:2      | Found a faded altar of an unknown god.
  1477 | D:2      | Noticed Robin
  1493 | D:2      | Killed Robin
  2288 | D:2      | You fall through a shaft for 2 floors!
  2324 | D:3      | Found a sparkling altar of Nemelex Xobeh.
  2469 | D:3      | Noticed Terence
  2511 | D:3      | Gained mutation: You occasionally shout uncontrollably at your foes. [potion of mutation]
  2511 | D:3      | Gained mutation: Your body sometimes deteriorates upon taking damage. [potion of mutation]
  2511 | D:3      | Gained mutation: You expend magic power (3 MP) to strengthen your wands. [potion of mutation]
  2512 | D:3      | Lost mutation: Your body sometimes deteriorates upon taking damage. [potion of mutation]
  2512 | D:3      | Gained mutation: You have a pair of small antennae on your head. [potion of mutation]
  2512 | D:3      | Gained mutation: Your muscles are strong. (Str +2) [potion of mutation]
  2528 | D:3      | Killed Terence
  2528 | D:3      | Reached XP level 5. HP: 23/41 MP: 5/5
  2784 | D:3      | Gained mutation: Your flesh is cold resistant. (rC+) [potion of beneficial mutation]
  2879 | D:3      | Noticed namelastname112's ghost (amateur DrAs)
  3081 | D:3      | Noticed Jessica
  3089 | D:3      | Killed Jessica
  3182 | D:4      | Reached skill level 4 in Dodging
  3203 | D:4      | Noticed Grinder
  3203 | D:4      | Paralysed by Grinder for 4 turns
  3214 | D:4      | Paralysed by Grinder for 2 turns
  3581 | D:4      | Paralysed by Grinder for 4 turns
  3600 | D:4      | Paralysed by Grinder for 2 turns
  3608 | D:4      | Killed Grinder
  3608 | D:4      | Reached skill level 5 in Axes
  3608 | D:4      | Reached XP level 6. HP: 36/48 MP: 6/6
  3732 | D:4      | Found a stormy altar of Qazlal.
  3752 | D:4      | Found a white marble altar of Elyvilon.
  3795 | D:4      | Found a staircase to the Ecumenical Temple.
  3804 | Temple   | Entered the Ecumenical Temple
  3968 | Temple   | Became a worshipper of Yredelemnul the Dark
  4167 | D:4      | Your scales start taking on a fiery red colour.
  4167 | D:4      | Reached XP level 7. HP: 3/55 MP: 7/7
  4167 | D:4      | Gained mutation: Your flesh is heat resistant. (rF+) [Red Draconian growth]
  4426 | D:4      | Found a runed door.
  4430 | D:4      | Noticed Crazy Yiuf
  4437 | D:4      | Killed Crazy Yiuf
  4919 | D:5      | Entered Level 5 of the Dungeon
  5232 | D:5      | Reached skill level 5 in Dodging
  5511 | D:5      | Identified a scroll of acquirement
  5564 | D:5      | Reached * piety under Yredelemnul
  5605 | D:5      | Found an ancient bone altar of Kikubaaqudgha.
  5699 | D:5      | Reached XP level 8. HP: 61/61 MP: 8/8
  5704 | D:5      | Gained mutation: You tend to lose your temper in combat. [mutagenic meat]
  5705 | D:5      | Gained mutation: Your spells are a little easier to cast, but a little less powerful. [mutagenic meat]
  5706 | D:5      | Gained mutation: Your flesh is very heat resistant. (rF++) [mutagenic meat]
  5707 | D:5      | Lost mutation: You tend to lose your temper in combat. [mutagenic meat]
  5708 | D:5      | Lost mutation: Your flesh is cold resistant. (rC+) [mutagenic meat]
  5742 | D:6      | Reached skill level 1 in Invocations
  5846 | D:6      | Reached skill level 6 in Dodging
  6860 | D:7      | Found Teqomn's Magic Scroll Shop.
  7202 | D:7      | Found a deep blue altar of Sif Muna.
  7203 | D:7      | Reached ** piety under Yredelemnul
  7206 | D:7      | Reached XP level 9. HP: 66/67 MP: 12/12
  7380 | D:7      | Noticed a troll
  7392 | D:7      | Killed a troll
  7392 | D:7      | Reached skill level 7 in Dodging
  7473 | D:7      | Reached skill level 5 in Invocations
  7710 | D:8      | Noticed an elephant
  7712 | D:8      | Found a staircase to the Lair.
  7889 | D:8      | Found an opulent altar of Gozag.
  7920 | D:8      | Found a shimmering altar of Xom.
  8058 | D:8      | Noticed Gastronok
  8095 | D:8      | Killed Gastronok
  8095 | D:8      | Reached skill level 10 in Axes
  8095 | D:8      | Reached skill level 8 in Dodging
  8095 | D:8      | Reached XP level 10. HP: 29/73 MP: 13/15
  8689 | D:8      | Reached skill level 1 in Evocations
  8794 | D:8      | Found Enanim's Antique Weapon Shop.
  8806 | D:8      | Bought a twisted hand axe for 136 gold pieces
  8863 | D:8      | Identified the +9 hand axe "Nusutwacw" {vamp, Dex+3} (You bought it in a shop on level 8 of the Dungeon)
  9020 | D:8      | Killed an elephant
  9456 | D:9      | Reached *** piety under Yredelemnul
  9620 | D:9      | Found a blossoming altar of Fedhas.
  9749 | D:9      | Reached skill level 9 in Dodging
 10497 | D:10     | Entered Level 10 of the Dungeon
 10554 | D:10     | Found Ceitsynga's Antique Weapon Shop.
 10564 | D:10     | Bought a runed war axe for 332 gold pieces
 10586 | D:10     | Received a gift from Yredelemnul (a mummy)
 10587 | D:10     | Reached XP level 11. HP: 79/79 MP: 17/17
 10638 | D:10     | Found a bloodstained altar of Trog.
 10647 | D:10     | Found an ancient bone altar of Kikubaaqudgha.
 10659 | D:10     | Found a runed door.
 10661 | D:10     | Found an opulent altar of Gozag.
 10935 | D:10     | Found a sparkling altar of Nemelex Xobeh.
 11031 | D:10     | Found a glowing golden altar of the Shining One.
 11041 | D:10     | Found a deep blue altar of Sif Muna.
 11061 | D:10     | Noticed a flayed ghost
 11067 | D:10     | Killed a flayed ghost
 11114 | D:10     | Reached **** piety under Yredelemnul
 11143 | D:10     | Noticed a hill giant
 11159 | D:10     | Killed a hill giant
 11159 | D:10     | Reached skill level 5 in Evocations
 11199 | D:10     | Reached skill level 10 in Dodging
 11200 | D:10     | Received a gift from Yredelemnul (2 flying skulls)
 11912 | Lair:1   | Entered Level 1 of the Lair of Beasts
 12082 | Lair:1   | Reached skill level 10 in Invocations
 12109 | Lair:1   | Noticed Fannar
 12115 | Lair:1   | Killed Fannar
 12481 | Lair:1   | Received a gift from Yredelemnul (3 flying skulls)
 13051 | Lair:2   | Found an iron altar of Okawaru.
 13562 | Lair:2   | Noticed a five-headed hydra
 13574 | Lair:2   | Killed a six-headed hydra
 13675 | Lair:2   | Received a gift from Yredelemnul (a wight)
 13952 | Lair:2   | Noticed a five-headed hydra
 13956 | Lair:2   | Killed a five-headed hydra
 14013 | Lair:2   | Reached XP level 12. HP: 63/91 MP: 19/19
 14017 | Lair:2   | Learned a level 2 spell: Repel Missiles
 14049 | Lair:2   | Reached skill level 11 in Dodging
 14771 | Lair:2   | Found a staircase to the Snake Pit.
 14961 | Lair:2   | Received a gift from Yredelemnul (3 flying skulls)
 15199 | Lair:3   | Noticed an eight-headed hydra
 15205 | Lair:3   | Reached skill level 5 in Fighting
 15209 | Lair:3   | Killed an eight-headed hydra
 15254 | Lair:3   | Noticed Sonja
 15263 | Lair:3   | Killed Sonja
 15455 | Lair:3   | Received a gift from Yredelemnul (a wight)
 15626 | Lair:3   | Noticed Urug
 15633 | Lair:3   | Killed Urug
 15778 | Lair:3   | Reached skill level 1 in Charms
 15779 | Lair:3   | Received a gift from Yredelemnul (a phantasmal warrior)
 16117 | Lair:4   | Found a staircase to the Swamp.
 16319 | Lair:4   | Noticed a six-headed hydra
 16327 | Lair:4   | Killed a seven-headed hydra
 16374 | Lair:4   | Received a gift from Yredelemnul (4 flying skulls)
 16381 | Lair:4   | Reached skill level 12 in Dodging
 16792 | Lair:4   | Reached XP level 13. HP: 81/102 MP: 20/20
 17183 | Lair:5   | Found a staircase to the Slime Pits.
 17246 | Lair:5   | Reached skill level 1 in Air Magic
 17386 | Lair:5   | Noticed Rupert
 17399 | Lair:5   | Killed Rupert
 17452 | Lair:5   | Reached ***** piety under Yredelemnul
 17452 | Lair:5   | Reached skill level 10 in Evocations
 18023 | Lair:6   | Entered Level 6 of the Lair of Beasts
 18399 | Lair:6   | HP: 3/103 [elephant (18)]
 18410 | Lair:6   | Reached skill level 1 in Stealth
 18547 | Lair:6   | Received a gift from Yredelemnul (a phantasmal warrior)
 19036 | Lair:6   | Reached skill level 13 in Dodging
 19380 | Lair:6   | Noticed a fire dragon
 19393 | Lair:6   | Killed a fire dragon
 19444 | Lair:6   | Reached XP level 14. HP: 85/111 MP: 18/21
 20128 | Lair:6   | Reached skill level 5 in Stealth
 20184 | Lair:6   | Received a gift from Yredelemnul (a vampire)
 20716 | Lair:1   | Learned a level 3 spell: Regeneration
 21079 | D:11     | Received a gift from Yredelemnul (a vampire)
 21340 | D:11     | Received a gift from Yredelemnul (a skeletal warrior)
 21364 | D:11     | Found a staircase to the Orcish Mines.
 21406 | Orc:1    | Entered Level 1 of the Orcish Mines
 21419 | Orc:1    | Reached ****** piety under Yredelemnul
 21595 | Orc:1    | Noticed an orc warlord
 21598 | Orc:1    | Reached skill level 1 in Necromancy
 21598 | Orc:1    | Received a gift from Yredelemnul (a wraith)
 21985 | Orc:2    | Entered Level 2 of the Orcish Mines
 21989 | Orc:2    | Received a gift from Yredelemnul (a vampire)
 22163 | Orc:1    | Killed an orc warlord
 22163 | Orc:1    | Received a gift from Yredelemnul (a ghoul)
 22610 | Orc:2    | Received a gift from Yredelemnul (a skeletal warrior)
 22629 | Orc:2    | Found a roughly hewn altar of Beogh.
 22782 | Orc:2    | Noticed a stone giant
 22787 | Orc:2    | Killed a stone giant
 22837 | Orc:2    | Found Cehuqeul's Food Boutique.
 22929 | Orc:2    | Found Meiggot's Assorted Antiques.
 22945 | Orc:2    | Bought a potion of curing for 90 gold pieces
 22945 | Orc:2    | Bought a potion of heal wounds for 150 gold pieces
 22945 | Orc:2    | Bought a scroll of enchant armour for 225 gold pieces
 22945 | Orc:2    | Bought a pair of gloves for 135 gold pieces
 23018 | Orc:2    | Noticed an orc warlord
 23026 | Orc:2    | Received a gift from Yredelemnul (a vampire knight)
 23028 | Orc:2    | Killed an orc warlord
 23355 | Orc:2    | Noticed an orc warlord
 23358 | Orc:2    | Found a roughly hewn altar of Beogh.
 23365 | Orc:2    | Killed an orc warlord
 23371 | Orc:2    | Reached skill level 14 in Dodging
 23497 | Orc:2    | Received a gift from Yredelemnul (a ghoul)
 23502 | Orc:2    | Found Vywaq Imunni's Weapon Boutique.
 23568 | Orc:2    | Received a gift from Yredelemnul (a flayed ghost)
 23668 | Orc:2    | Found Opaxis's General Store.
 23681 | Orc:2    | Received a gift from Yredelemnul (a bone dragon)
 23687 | Orc:2    | Bought a potion of curing for 51 gold pieces
 23687 | Orc:2    | Bought an uncursed ring of see invisible for 255 gold pieces
 24348 | D:12     | Received a gift from Yredelemnul (a flayed ghost)
 24536 | D:12     | Noticed Nergalle
 24547 | D:12     | Killed Nergalle
 24704 | D:12     | Reached skill level 1 in Spellcasting
 24707 | D:12     | Gained mutation: Your mind is acute. (Int +2) [mutagenic meat]
 24709 | D:12     | Gained mutation: Your body sometimes deteriorates upon taking damage. [mutagenic meat]
 24871 | D:13     | Reached XP level 15. HP: 24/117 MP: 20/22
 24878 | D:13     | Received a gift from Yredelemnul (a profane servitor)
 24910 | D:13     | Received a gift from Yredelemnul (a skeletal warrior)
 25139 | D:13     | You fall through a shaft for 2 floors!
 25139 | D:15     | Entered Level 15 of the Dungeon
 25594 | D:15     | Found a staircase to the Depths.
 25970 | D:15     | Reached skill level 1 in Shields
 25971 | D:15     | Received a gift from Yredelemnul (a skeletal warrior)
 26480 | Depths:1 | Entered Level 1 of the Depths
 26480 | Depths:1 | Noticed a fire giant
 26487 | Depths:1 | Killed a fire giant
 26919 | Depths:1 | Found a one-way gate to the infinite horrors of the Abyss.
 26936 | Depths:1 | Voluntarily entered the Abyss.
 27089 | Abyss:1  | Paralysed by accursed screaming for 1 turns
 27093 | Abyss:1  | Paralysed by accursed screaming for 1 turns
 27093 | Abyss:1  | HP: 6/175 [starcursed mass (9)]
 27094 | Abyss:1  | Killed from afar by a starcursed mass

Vault maps used:
D:1:      ncdulo_halloftheorcs, minmay_cut_off
D:2:      nicolae_dithmenos_shadow_blocks,
          chequers_ecumenical_altar_simple_redux, grunt_ministairs_11,
          uniq_robin
D:3:      nemelex_xobeh_ov_fountains_minmay, uniq_terence, uniq_jessica
D:4:      overflow_temple_1_default, grunt_qazlal_sundering, uniq_grinder,
          uniq_crazy_yiuf_cottage
D:5:      lemuel_coloured_pillars_altar, first_bread
D:6:      minmay_door_square, lemuel_old_faithful
D:7:      kennysheep_orc_sif_temple, serial_shops, shop, the_bakery
D:8:      old_standard_altar, grunt_gozag_statues, david_lair_generic,
          serial_shops, shop, uniq_gastronok
D:9:      fedhas_altar_2
D:10:     due_megacathedral, serial_shops, shop, minmay_statues_item
D:11:     erik_orc_2, hangedman_incinerator
D:12:     uniq_nergalle
D:13:     hangedman_vaults_entry_quadrant_bands, nicolae_tso_carved_into_rock
D:15:     gammafunk_depths_entry_grave, eino_tiny_chamber
Temple:   dshaligram_water_room_temple
Lair:1:   uniq_fannar
Lair:2:   dummy_snake_entry, basic_altar, beast_lair_carwin_8
Lair:3:   nicolae_quartered_pool_medium, grunt_megastairs_3, uniq_urug,
          uniq_sonja
Lair:4:   swamp_mist
Lair:5:   nicolae_slime_entry_slimehenge, uniq_rupert
Lair:6:   grunt_lair_end_beastmaster, bobbens_dragon_lair_wall,
          grunt_megastairs_2, lemuel_fruit_fields
Orc:2:    pubby_orc_utopia
Depths:1: pf_hell_entry_tar_river, serial_bayou_shore_b, abyss_entry,
          kennysheep_generic_room_2, serial_bayou_shore_b

Skill      XL: |  1  2  3  4  5  6  7  8  9 10 11 12 13 14 15 |
---------------+----------------------------------------------+-----
Throwing       | 2 3 |  3.2
Dodging        | 3 4 5 6 8 9 10 12 13 14 | 14.8
Axes           | 4 5 6 7 8 10 11 12 13 | 13.7
Invocations    | 4 7 8 10 | 10.1
Evocations     | 4 7 9 10 | 10.2
Fighting       | 3 6 |  6.6
Charms         | 3 4 |  4.0
Air Magic      | 4 |  4.0
Stealth        | 4 5 |  5.7
Necromancy     | 4 |  4.6
Spellcasting   | 1 3 |  3.3
Shields        | 3 |  3.1

Action                   |  1- 3 |  4- 6 |  7- 9 | 10-12 | 13-15 || total
-------------------------+-------+-------+-------+-------+-------++-------
Melee: War axe           |    82 |   183 |   265 |   242 |   782 ||  1554
       Tailslap          |    12 |    31 |    50 |    84 |   110 ||   287
       Quarterstaff      |       |       |    52 |       |       ||    52
       Hand axe          |       |       |       |   239 |       ||   239
Throw: Javelin           |       |       |       |       |    13 ||    13
       Throwing net      |       |       |       |       |     4 ||     4
 Cast: Repel Missiles    |       |       |       |       |     2 ||     2
       Regeneration      |       |       |       |       |     1 ||     1
Invok: Animate Remains   |       |       |     5 |     9 |       ||    14
       Animate Dead      |       |       |       |    34 |    62 ||    96
       Recall Undead Sla |       |       |       |     4 |     1 ||     5
       Injury Mirror     |       |       |       |     1 |       ||     1
       Drain Life        |       |       |       |       |     1 ||     1
 Abil: Breathe Fire      |       |       |     9 |    11 |    29 ||    49
Evoke: Wand              |       |       |       |     9 |     9 ||    18
       Fan of gales      |       |       |       |     1 |     1 ||     2
  Use: Potion            |       |     7 |     2 |     2 |    20 ||    31
       Scroll            |       |    15 |     9 |    10 |    13 ||    47
 Stab: Sleeping          |     1 |       |       |     2 |     5 ||     8
       Distracted        |       |       |       |     3 |     8 ||    11
       Paralysed         |       |       |       |     4 |     1 ||     5
       Confused          |       |       |       |       |     1 ||     1
  Eat: Chunk             |     1 |     5 |     9 |     7 |    33 ||    55
       Beef jerky        |       |     3 |       |     2 |     1 ||     6
       Meat ration       |       |       |     1 |     2 |     1 ||     4
       Bread ration      |       |       |     2 |     5 |     1 ||     8
       Royal jelly       |       |       |       |     1 |       ||     1
       Fruit             |       |       |       |     3 |    16 ||    19
       Pizza             |       |       |       |       |     1 ||     1
Armor: Skin              |    22 |    44 |   133 |    99 |   195 ||   493
Dodge: Dodged            |    73 |   119 |   229 |   354 |   566 ||  1341
       Deflected         |       |       |       |       |     3 ||     3
Block: Other             |       |       |     5 |   142 |   194 ||   341
       Reflection        |       |       |       |     9 |    15 ||    24
       Shield            |       |       |       |       |    91 ||    91
